[Event "*** MasterClass Titled Tuesday Blitz"]
[Site "Chess.com"]
[Date "2017.11.07"]
[Round "8"]
[White "gammagramma"]
[Black "VitaliyBernadskiy"]
[Result "0-1"]
[WhiteElo "2446"]
[BlackElo "2574"]
[TimeControl "180+2"]
[EndTime "15:56:22 PST"]
[Termination "VitaliyBernadskiy won by resignation"]

1. d4 Nf6 2. c4 g6 3. Nc3 d5 4. Nf3 Bg7 5. cxd5 Nxd5 6. Bg5 Nf6 7.
e3 O-O 8. Bc4 c6 9. O-O Nbd7 10.
h3 Nb6 11. Bb3 a5 12. a3 Nbd5 13. Rc1 Be6 14. Nxd5 Bxd5 15. Bxf6 exf6 16. Bxd5 Qxd5 17. Rc5 Qd7 18. Qb3 a4 19. Qc2 Ra6 20. Rc4 Rfa8 21. Nd2 f5 22. Nb1 h5 23. h4 Bf8 24. g3 b5 25. Rc3 Qd5 26. Rc1 Rc8 27. Nd2 Be7 28. Qd1 f4 29. gxf4 Bxh4 30. Qf3 Qa2 31. Rxc6 Raxc6 32. Rxc6 Rxc6 33. Qxc6 Qxb2 34. Ne4 b4 35.
axb4 a3 36. Qe8+ Kg7 37. Qe5+ Kh7 38. Qd5 Kg8 39. f5 a2 40. fxg6 a1=Q+ 41. Kg2 Qa7 42. Qxh5 f5 43. Qxf5 Qe7 44. b5 Kg7 45. Kf3 Qb1 46.
Ng3 Qd1+ 47. Kg2 Bxg3 48. Kxg3 Qg1+ 49. Kf3 Qxg6 50. Qxg6+ Kxg6 0-1

[Event "*** MasterClass Titled Tuesday Blitz"]
[Site "Chess.com"]
[Date "2017.11.07"]
[Round "8"]
[White "Blitzstream"]
[Black "Alexander_Moskalenko"]
[Result "1-0"]
[WhiteElo "2506"]
[BlackElo "2684"]
[TimeControl "180+2"]
[EndTime "15:56:39 PST"]
[Termination "Blitzstream won on time"]

1. d4 d6 2. Nf3 g6 3. h4 Nf6 4. Nc3 Bg7 5. e4 Bg4 6. Qd3 Nc6 7. d5 Bxf3 8. dxc6 Bg4 9. f3 Be6 10. cxb7 Rb8 11. Qa6 O-O 12. Qxa7 c6 13. Be3 Qc7 14. Ba6 Nd7 15. Bd4 Qa5 16. Bxg7 Kxg7 17. Qd4+ f6 18. Be2 Rxb7 19. b3 Rb4 20. Qd2 Qe5 21.
f4 Qc5 22. Rd1 Rfb8 23. h5 Bg8 24. Rh3 g5 25. fxg5 Qxg5 26. h6+ Kh8 27. Qxg5 fxg5 28. Rg3 Nf6 29. Rxg5 Nxe4 30. Nxe4 Rxe4 31. Kd2 Re6 32. Rh1 Rf8 33. Bf3 c5 34. a4 Ref6 35. a5 e5 36. Bc6 d5 37. Bb7 Rf2+ 38. Kc1 Bf7 39. a6 Bg6 40. Rxg6 hxg6 41. a7 e4 42. Bxd5 e3 43.
a8=Q Rxa8 44. Bxa8 e2 45. Re1 Kh7 46. Kd2 Kxh6 47.
Rxe2 Rf4 48. Bf3 c4 49. Re4 Rxf3 50. gxf3 cxb3 51. cxb3 1-0

[Event "*** MasterClass Titled Tuesday Blitz"]
[Site "Chess.com"]
[Date "2017.11.07"]
[Round "8"]
[White "AndrewMcStone"]
[Black "BergenChessAcademy"]
[Result "0-1"]
[WhiteElo "2092"]
[BlackElo "1895"]
[TimeControl "180+2"]
[EndTime "15:56:45 PST"]
[Termination "BergenChessAcademy won by resignation"]

1. d4 f5 2. Bg5 Nf6 3. Bxf6 exf6 4. e3 b6 5. Bd3 d5 6. h4 c5 7. Qf3 Qd7 8. c3 Nc6 9. Nh3 Bd6 10. Nd2 Ne7 11. h5 Qa4 12. Nf4 Bxf4 13. Qxf4 Ba6 14.
b3 Qa3 15. Bxa6 Qxa6 16. c4 dxc4 17. Nxc4 O-O 18. O-O b5 19. Nd2 cxd4 20. exd4 Rad8 21. Nf3 Qd6 22. Qxd6 Rxd6 23. Rfe1 Nc6 24. Rad1 Rfd8 25. Kf1 Kf7 26. Rd2 Nb4 27. Red1 Nd5 28. Ke2 Nc3+ 29. Kf1 Nxd1 30. Rxd1 g5 31. hxg6+ hxg6 32. Ke2 g5 33.
Ke3 f4+ 34. Ke4 Kg6 35. Nh2 Rd5 36. g4 fxg3 37. fxg3 f5+ 38. Ke3 f4+ 39. gxf4 gxf4+ 40. Kxf4 Rxd4+ 41. Rxd4 Rxd4+ 42. Ke3 Rd1 43. Nf3 Ra1 44.
Nd4 a6 45. Nc6 Rxa2 46. Nb4 Ra3 47. Kd4 Kf5 48. Kc3 a5 49. Nc6 b4+ 50. Kb2 Ke4 51. Nd8 a4 52. Nc6 Rxb3+ 0-1

[Event "*** MasterClass Titled Tuesday Blitz"]
[Site "Chess.com"]
[Date "2017.11.07"]
[Round "8"]
[White "jncool68"]
[Black "tigra"]
[Result "1-0"]
[WhiteElo "2500"]
[BlackElo "2642"]
[TimeControl "180+2"]
[EndTime "15:56:55 PST"]
[Termination "jncool68 won by resignation"]

1. e4 c5 2. Nf3 g6 3. c3 Bg7 4. d4 cxd4 5. cxd4 d5 6. e5 a6 7. h3 Nc6 8. Be2 Bf5 9. Nc3 Be4 10. Be3 Bxf3 11. Bxf3 e6 12. O-O Nge7 13. Qb3 b5 14. a4 b4 15. Ne2 Nf5 16. Rfc1 Qd7 17. Rc2 O-O 18. Rac1 Rfc8 19. Qd3 Nxe3 20. fxe3 Qb7 21. e4 b3 22. Rc3 Qb6 23. exd5 exd5 24. Bxd5 Ne7 25.
Bxa8 Rxa8 26. Rxb3 Qa5 27. Rb7 Re8 28. Qc4 Nd5 29.
b4 Qd8 30. Rf1 Rf8 31. Rf3 Bh6 32. Nc3 Ne3 33. Qd3 Nf5 34. d5 Qc8 35. Rb6 Qc7 36.
Rc6 Qxe5 37. Ne4 Nd4 38. Rf1 f5 39. Nc3 Rd8 40. Rc4 Be3+ 41. Kh1 f4 42. Qe4 Qg7 43. d6 Nf5 44. Qe6+ Kh8 45. Ne4 Qf8 46. Rc7 Rxd6 47. Qe5+ Kg8 48. g4 fxg3 49. Nxd6 Qa8+ 50. Nb7 Bd4 51.
Qd5+ Kh8 52. Rxf5 Bg7 53. Rff7 Qe8 54. Qd8 Qxd8 1-0

[Event "*** MasterClass Titled Tuesday Blitz"]
[Site "Chess.com"]
[Date "2017.11.07"]
[Round "8"]
[White "GM_dmitrij"]
[Black "matej2221"]
[Result "0-1"]
[WhiteElo "2614"]
[BlackElo "2111"]
[TimeControl "180+2"]
[EndTime "15:56:59 PST"]
[Termination "matej2221 won by resignation"]

1. e4 e5 2. Nf3 Nc6 3. Bc4 Bc5 4.
c3 Nf6 5. d4 exd4 6. e5 d5 7.
Bb5 Ne4 8. cxd4 Bb6 9. Be3 O-O 10. Nc3 Bg4 11. h3 Bh5 12. Qc2 Bg6 13. Qb3 Ne7 14. Nh4 c6 15. Nxg6 hxg6 16. Bd3 Nf5 17. Nxe4 dxe4 18.
Bxe4 Nxe3 19. Qxe3 Bxd4 20. Qd2 Bxe5 21. Qxd8 Raxd8 22. O-O Rd2 23. Rad1 Rfd8 24. Rxd2 Rxd2 25. b3 Rxa2 26. Rd1 Rb2 27. Rb1 Rxb1+ 28. Bxb1 g5 29. Kf1 f6 30. Bf5 Kf7 31. Bc8 b6 32. Bb7 Ke7 33. Bxc6 Kd6 34. Be8 Kc5 35. Ke2 Kb4 36. Bf7 Kc3 37. Kd1 Bd4 38. f3 Be3 39. g3 Bf2 40. g4 Be3 41. Ke2 Bf4 42. Kd1 b5 43. Ke2 a5 44. Be8 Kxb3 45. Bxb5 a4 46. Kd3 a3 47. Bc4+ Kb2 48. Ke4 a2 49. Bxa2 Kxa2 50.
Kf5 Kb3 51. Kg6 Kc4 52. Kxg7 Be5 53. Kg6 Kd4 54. Kh5 Ke3 55. h4 gxh4 56. Kxh4 Kxf3 57. g5 f5 58. g6 f4 59. Kg5 Kg3 60. g7 Bxg7 0-1

[Event "*** MasterClass Titled Tuesday Blitz"]
[Site "Chess.com"]
[Date "2017.11.07"]
[Round "8"]
[White "timator"]
[Black "Hanging_pointer"]
[Result "1/2-1/2"]
[WhiteElo "2420"]
[BlackElo "2343"]
[TimeControl "180+2"]
[EndTime "15:57:04 PST"]
[Termination "Game drawn by agreement"]

1. Nf3 c5 2. g3 b6 3. Bg2 Bb7 4. O-O g6 5. c4 Bg7 6. Nc3 Nf6 7. b3 O-O 8. Bb2 d5 9. d3 Nc6 10. e3 Rc8 11. Qe2 e5 12. cxd5 Nxd5 13. Nxd5 Qxd5 14. Nxe5 Qxg2+ 15. Kxg2 Nd4+ 16. f3 Nxe2 17. Kf2 Rfe8 18. f4 Bxe5 19. fxe5 Nd4 20. exd4 cxd4 21. Rac1 Rcd8 22.
Rc7 Bd5 23. Re1 Be6 24. Re4 Rc8 25. Rxc8 Rxc8 26. Bxd4 Bf5 27. Re2 Bxd3 28. Rd2 Bf5 29. a4 Be6 30. Rb2 Kf8 31. Be3 Ke8 32. b4 Kd7 33. a5 bxa5 34. bxa5 a6 35. Rb7+ Kc6 36. Rb6+ Kd5 37. Rxa6 Ke4 38. Rd6 Rc2+ 39. Rd2 Rxd2+ 40. Bxd2 Kxe5 41. Ke3 Bc4 42. Bc3+ Ke6 43. Kd4 Bf1 44. Ke4 f5+ 45. Kf4 Be2 46. h4 Kd5 47. Bb4 Kc6 48. Bd2 Kb7 49. Be3 Ka6 50. Bb6 Kb7 51.
Kg5 Ka6 52. Kh6 Kb7 53. Kxh7 Bh5 54. Kh6 Ka6 55. Kg5 Kb7 56. Kf6 Ka6 1/2-1/2

[Event "*** MasterClass Titled Tuesday Blitz"]
[Site "Chess.com"]
[Date "2017.11.07"]
[Round "8"]
[White "Ilja_Semjonovs"]
[Black "rpragchess"]
[Result "0-1"]
[WhiteElo "2375"]
[BlackElo "2304"]
[TimeControl "180+2"]
[EndTime "15:57:08 PST"]
[Termination "rpragchess won by checkmate"]

1. e4 e5 2. Nf3 Nc6 3. Bc4 Nf6 4. Ng5 d5 5. exd5 Na5 6. Bb5+ c6 7. dxc6 bxc6 8. Qf3 Be7 9. Bd3 h6 10. Ne4 Nd5 11.
Ng3 g6 12. O-O O-O 13. Re1 Bd6 14. Nc3 Nf4 15. Nge2 Nxd3 16. Qxd3 f5 17. Qh3 Kg7 18. d4 f4 19. Qf3 exd4 20. Nxd4 Qf6 21. Nce2 Rb8 22. Bd2 c5 23. Bc3 cxd4 24. Nxd4 Kg8 25. Qd5+ Kh7 26. Bxa5 Bb7 27. Qb5 f3 28. g3 Rf7 29.
Bc3 Qd8 30. Rad1 Qc8 31. Qb3 Rc7 32. Ne6 Rd7 33. Nd4 Ba8 34. Qe6 Qd8 35. Nb5 Rxb5 36. Qe3 Rd5 37. Rxd5 Bxd5 38. Qd4 Bf7 39. Rd1 Be6 40.
Qf6 Qxf6 41. Bxf6 Bc5 42. Rxd7+ Bxd7 43. c3 Bc6 44. Be5 g5 45. b4 Bb6 46. a3 Bb5 47.
Bd4 Bxd4 48. cxd4 Kg6 49. h4 g4 50. Kh2 Kf5 51. a4 Bxa4 52. Kg1 Bb5 53. Kh2 Ke4 54. Kg1 Kd5 55. Kh2 Kxd4 56. Kg1 Kc3 57. Kh2 Kxb4 58.
Kg1 a5 59. Kh2 a4 60. Kg1 a3 61. Kh2 a2 62. Kg1 a1=Q+ 63. Kh2 Qf1 64. h5 Qg2# 0-1

[Event "*** MasterClass Titled Tuesday Blitz"]
[Site "Chess.com"]
[Date "2017.11.07"]
[Round "8"]
[White "GameOverBro"]
[Black "TijanaBlagojevic"]
[Result "1/2-1/2"]
[WhiteElo "2331"]
[BlackElo "2273"]
[TimeControl "180+2"]
[EndTime "15:57:13 PST"]
[Termination "Game drawn by repetition"]

1. e4 e5 2. Nf3 Nc6 3. Bb5 Nf6 4. d4 Nxe4 5. Qe2 Nd6 6. Bxc6 dxc6 7. dxe5 Nf5 8. O-O Nd4 9. Nxd4 Qxd4 10. Rd1 Bg4 11.
Rxd4 Bxe2 12. Nc3 Bh5 13. Bg5 h6 14. Bh4 Be7 15. Bxe7 Kxe7 16. Re1 Rad8 17. Rb4 b6 18. Ne4 Rd5 19. f4 Rhd8 20. Ng3 Bg6 21. f5 Bh7 22. Rbe4 Rd2 23. Rc4 c5 24. a4 R8d4 25. Re4 Rxe4 26. Rxe4 Rxc2 27. b4 cxb4 28. Rxb4 c5 29.
Rb5 Ra2 30. Rb1 Rxa4 31. Rf1 Ra2 32. f6+ gxf6 33. exf6+ Ke6 34. Nh5 Be4 35. Re1 Kd5 36. Nf4+ Kd4 37. Ne2+ Kd5 38. Nc3+ Kd4 39. Nxa2 c4 40.
Kf2 b5 41. g4 a5 42. h4 b4 43. g5 hxg5 44. hxg5 Bg6 45. Nc1 a4 46. Re8 b3 47.
Rd8+ Kc3 48. Ne2+ Kb2 49. Rg8 Bh5 50. g6 a3 51. g7 Bg6 52. Rh8 a2 53. g8=Q a1=Q 54.
Qe8 Qa7+ 55. Ke1 Qa5+ 56. Kf1 Qf5+ 57. Ke1 Qb1+ 58. Kf2 Qf5+ 59. Kg2 Qg5+ 60. Ng3 c3 61. Qe2+ c2 62. Rc8 Qd5+ 63. Kh2 Qd1 64. Qe5+ Kb1 65. Ra8 Qd2+ 66. Kh3 Qh6+ 67. Kg2 Qd2+ 68. Kh3 Qh6+ 69.
Kg2 Qd2+ 70. Kh3 1/2-1/2

[Event "*** MasterClass Titled Tuesday Blitz"]
[Site "Chess.com"]
[Date "2017.11.07"]
[Round "8"]
[White "nubair1198"]
[Black "Sanan_Sjugirov"]
[Result "0-1"]
[WhiteElo "2553"]
[BlackElo "2661"]
[TimeControl "180+2"]
[EndTime "15:57:13 PST"]
[Termination "Sanan_Sjugirov won by checkmate"]

1. d4 Nf6 2. c4 e6 3. Nc3 Bb4 4. e3 O-O 5. Ne2 d5 6. a3 Be7 7. cxd5 exd5 8. g3 c6 9. Bg2 a5 10. O-O Na6 11. f3 c5 12. g4 h6 13. Bd2 b6 14. Nf4 Nc7 15. Qb3 Ba6 16. Rfe1 Bd6 17.
Nce2 Ne6 18. dxc5 Nxc5 19. Qc2 Re8 20. Rad1 Rc8 21. Qf5 Bd3 22. Nxd3 g6 23. Nxc5 gxf5 24. Nb7 Qd7 25. Nxd6 Qxd6 26. gxf5 Kh7 27. Nf4 d4 28.
Bc3 Rxe3 29. Rxe3 Qxf4 30. Bxd4 Rd8 31. Red3 Qxf5 32. R3d2 Nh5 33. Bxb6 Rxd2 34. Rxd2 Nf4 35. Be3 Nxg2 36. Kxg2 a4 37. Rd4 Qc2+ 38. Kg3 h5 39. Rb4 Qe2 40. Bd4 h4+ 41. Kxh4 Qxf3 42. Bc3 f6 43. Rg4 Qf2+ 44. Kh3 Qf3+ 45. Kh4 Qf5 46.
Rxa4 Qf2+ 47. Kh3 Qf3+ 48. Kh4 Qf2+ 49. Kh3 Qf1+ 50. Kh4 Qg2 51. Bxf6 Qf2+ 52. Kg5 Qg2+ 53. Rg4 Qd2+ 54. Rf4 Qd5+ 55. Kg4 Kg6 56. h4 Qg2# 0-1

[Event "*** MasterClass Titled Tuesday Blitz"]
[Site "Chess.com"]
[Date "2017.11.07"]
[Round "8"]
[White "michaelq2d5"]
[Black "Msb2"]
[Result "1-0"]
[WhiteElo "2646"]
[BlackElo "2641"]
[TimeControl "180+2"]
[EndTime "15:57:15 PST"]
[Termination "michaelq2d5 won by resignation"]

1. d4 Nf6 2. c4 e6 3. Nc3 Bb4 4. Qc2 d5 5. a3 Bxc3+ 6. Qxc3 dxc4 7. Qxc4 b6 8. Nf3 Ba6 9. Qc2 h6 10. Bf4 O-O 11. g3 Bb7 12. Bg2 Be4 13. Qd2 Nc6 14. O-O Qd5 15. Bxc7 Rac8 16. Bf4 Rfd8 17. Rac1 Nxd4 18.
Rxc8 Rxc8 19. Qxd4 Bxf3 20. Qxd5 Bxd5 21. Rc1 Rxc1+ 22.
Bxc1 Bxg2 23. Kxg2 Kf8 24. Kf3 Ke7 25. Bf4 b5 26. Be5 Ne8 27. Ke4 f6 28. Bc3 Kd6 29.
f4 Kc6 30. Bb4 a6 31. g4 g6 32. Kd4 h5 33. g5 e5+ 34. Ke4 exf4 35. Kxf4 Kd5 36.
gxf6 Ke6 37. Kg5 Kf7 38. Bc3 Nd6 39. Kf4 Ke6 40. e4 Nf7 41. h4 Nd8 42. e5 Nf7 43. Ke4 g5 44. hxg5 Nxg5+ 45. Kf4 Nf7 46. Bd4 a5 47.
Bc3 a4 48. Bd4 Kd5 49. Bc3 Ke6 50. Ke4 Ng5+ 51. Ke3 Nf7 52. Kf4 h4 53. Kg4 h3 54.
Kxh3 Kf5 55. Kg3 Nd8 56. Kf3 Ne6 57. Ke3 Nc5 58. Bb4 Ne6 59. f7 Kxe5 60. f8=Q Nxf8 61. Bxf8 Kd5 62. Kd3 Kc6 63. Kc3 Kb6 64. Kb4 Ka6 65. Bc5 Kb7 66. Kxb5 1-0

[Event "*** MasterClass Titled Tuesday Blitz"]
[Site "Chess.com"]
[Date "2017.11.07"]
[Round "8"]
[White "Hasangatin_Ramil"]
[Black "SCIM"]
[Result "0-1"]
[WhiteElo "2443"]
[BlackElo "2415"]
[TimeControl "180+2"]
[EndTime "15:58:26 PST"]
[Termination "SCIM won on time"]

1. e4 c5 2. Nf3 e6 3. g3 Nc6 4. Bg2 Nf6 5. d3 d6 6. O-O Be7 7. Re1 O-O 8. c3 Bd7 9. a3 Rc8 10. Nbd2 Qc7 11. b4 b6 12. Bb2 Rfd8 13. d4 cxd4 14.
cxd4 d5 15. e5 Ne8 16. Bf1 a5 17. b5 Na7 18. a4 Qc2 19. Rb1 Bb4 20. Qxc2 Rxc2 21.
Red1 Rdc8 22. Bd3 R2c7 23. Kf1 h6 24. Ke2 g5 25. g4 Kg7 26. Rdc1 Rxc1 27. Rxc1 Rxc1 28.
Bxc1 Nc8 29. Nf1 Ne7 30. Ng3 Ng6 31. Nh5+ Kf8 32. h4 gxh4 33. Bxh6+ Kg8 34. Bg5 h3 35. Nf4 Nxf4+ 36. Bxf4 Bc3 37. Kf1 f6 38. Kg1 fxe5 39.
Bxe5 Kf7 40. Ng5+ Ke7 41. Nxh3 Nf6 42. f3 Be8 43. Nf4 Nd7 44. Bh8 Nf6 45. Ne2 Bb2 46. Kf2 e5 47. g5 Nd7 48. Bc2 Kf8 49. f4 e4 50. Bb3 Kg8 51. Be5 Nxe5 52. fxe5 Bf7 53. g6 Bxg6 54. Bxd5+ Kf8 55. Ke3 Bh5 56. Nf4 Bd1 57. Ne6+ Ke7 58. Kxe4 Bxa4 59. Bc4 Bc2+ 60. Kd5 a4 61. Nf4 a3 62. Ne2 Bd3 63. Ba2 Bxe2 64.
Ke4 Bxb5 65. d5 Be8 66. d6+ Kd7 67. Kf5 b5 68. Bb3 Kc6 69. Ke6 Bd7+ 70. Ke7 Bxe5 71. Ba2 Bxd6+ 0-1

[Event "*** MasterClass Titled Tuesday Blitz"]
[Site "Chess.com"]
[Date "2017.11.07"]
[Round "8"]
[White "MartinZumsande"]
[Black "hypert"]
[Result "1/2-1/2"]
[WhiteElo "2428"]
[BlackElo "2330"]
[TimeControl "180+2"]
[EndTime "15:58:30 PST"]
[Termination "Game drawn by repetition"]

1. e4 c5 2. Nf3 Nc6 3. c3 d6 4.
d4 Nf6 5. Bd3 g6 6. h3 Bg7 7.
O-O O-O 8. Re1 b6 9. Nbd2 e5 10. dxe5 Nxe5 11. Nxe5 dxe5 12. Nc4 Qc7 13. Bg5 h6 14. Bxf6 Bxf6 15. Ne3 Bb7 16. Qc2 Bg5 17. Nd5 Bxd5 18. exd5 Qd6 19. Bc4 f5 20. a4 Kh7 21.
a5 e4 22. Qe2 Bf6 23. Ra4 h5 24. Rea1 Rae8 25. axb6 axb6 26. Ra7+ Re7 27. Rxe7+ Qxe7 28. Ra6 Qc7 29. Bb3 Bd8 30. Ra8 Qf4 31. Ra7+ Kh6 32.
g3 Qc1+ 33. Kg2 h4 34. gxh4 Bxh4 35. d6 Qg5+ 36. Kh1 Rd8 37. d7 Qf4 38. Kg2 Qd6 39.
Ba4 Qe5 40. Bc6 Qe6 41. Rc7 Qd6 42. Rc8 Bf6 43. Qe3+ Kg7 44. b3 Qe6 45. c4 Rxc8 46. dxc8=Q Qxc8 47. Bd5 Qc7 48. Qg3 Be5 49. Qg5 Bf4 50.
Qh4 Be5 51. Qg5 Bf6 52. Qd2 Qe5 53. Qe3 Bh4 54. Bc6 g5 55. Qd2 g4 56. hxg4 fxg4 57.
Qd7+ Qe7 58. Qxg4+ Qg5 59. Qxg5+ Bxg5 60. Bxe4 Kf6 61.
Kf3 Ke5 62. Bc6 Bc1 63. Kg4 Bd2 64. f3 Bc1 65. Kh5 Kf5 66. Be4+ Kf6 67. Kg4 Ke5 68. Kg3 Bd2 69. Kf2 Bc1 70. Ke2 Bf4 71. Kd3 Bg5 72. Kc3 Bf4 73. b4 Bg5 74. b5 Bf4 75. Kd3 Bg5 76. Ke2 Bf4 77. Bd5 Kd4 78. Kf2 Ke5 79. Kg2 Be3 80. Kh3 Kf5 81. Kh4 Bg5+ 82. Kh5 Bf4 83. Be4+ Kf6 84. Kg4 Ke5 85. Bd5 Be3 86.
Kh5 Kf6 87. Kg4 Ke5 88. Kh5 Kf6 89. Kg4 Ke5 90. Kh5 1/2-1/2

[Event "*** MasterClass Titled Tuesday Blitz"]
[Site "Chess.com"]
[Date "2017.11.07"]
[Round "8"]
[White "yurisolo"]
[Black "gmcorrales"]
[Result "1/2-1/2"]
[WhiteElo "2617"]
[BlackElo "2692"]
[TimeControl "180+2"]
[EndTime "15:58:39 PST"]
[Termination "Game drawn by repetition"]

1. e4 c5 2. Nf3 d6 3. d4 cxd4 4. Nxd4 Nf6 5. Nc3 a6 6. Be3 e5 7.
Nb3 Be6 8. Qd2 Nbd7 9. O-O-O Be7 10. f4 exf4 11. Bxf4 Ne5 12. Nd4 Rc8 13. Nf5 Bxf5 14.
exf5 O-O 15. Kb1 b5 16. g4 Nfxg4 17. Rg1 Kh8 18. Qe2 b4 19. Nd5 Bg5 20. Bxg5 Qxg5 21.
h3 Qxf5 22. hxg4 Qg5 23. Rh1 Rc5 24. Nxb4 Nc4 25. Qe4 f5 26. Qd4 Ne3 27. Re1 f4 28. Bd3 h6 29. Qe4 Kg8 30. Rh5 Qxg4 31. Rxc5 dxc5 32.
Qh7+ Kf7 33. Nxa6 Re8 34. Nxc5 Qg3 35. Rc1 Re5 36. Ne4 Qg2 37. Nd6+ Ke6 38. Nc4 Nxc4 39. Bxc4+ Kf6 40. Qg8 Qb7 41. Qd8+ Qe7 42. Qd3 g5 43. a4 g4 44. Qd4 Kg5 45. Bd3 Qf6 46. Qd7 h5 47. Rh1 h4 48. Qh7 h3 49. Qg8+ Kh4 50. Rg1 Rg5 51. Qh7+ Rh5 52. Qg8 Qg5 53. Qa8 h2 54.
Rh1 g3 55. Be4 Rh6 56. Bg2 Re6 57. Qc8 Qg4 58. Qh8+ Kg5 59. Qg8+ Kh4 60. Qh7+ Kg5 61. Qg7+ Kh4 62. Qh7+ Kg5 63. Qf7 Rf6 64. Qe7 f3 65. Qe5+ Kg6 66. Qe8+ Kg5 67. Qe5+ Kg6 68. Qe8+ Kg7 69.
Qe7+ Kg6 70. Qe8+ Kg5 71. Qe5+ Kg6 72. Qe8+ Kg5 73. Qe5+ Kg6 74. Bf1 g2 75. Bd3+ Kg7 76.
Qe7+ Rf7 77. Qe5+ Rf6 78. Qe7+ Rf7 79. Qe5+ Rf6 80. Qe7+ Rf7 1/2-1/2

[Event "*** MasterClass Titled Tuesday Blitz"]
[Site "Chess.com"]
[Date "2017.11.07"]
[Round "9"]
[White "ChadBiryani"]
[Black "twitchTriniCupid"]
[Result "1-0"]
[WhiteElo "2175"]
[BlackElo "2072"]
[TimeControl "180+2"]
[EndTime "16:01:58 PST"]
[Termination "ChadBiryani won by resignation"]

1. d4 Nf6 2. Bf4 e6 3. e3 d5 4.
c3 Bd6 5. Bg3 Nbd7 6. Bxd6 cxd6 7.
Nf3 O-O 8. Be2 b6 9. a4 Bb7 10. a5 a6 11. Qa4 b5 12. Qb4 Nb8 13. Nbd2 Nc6 14. Qa3 Re8 15. O-O Qc7 16. Rfc1 Rac8 17. b3 e5 18. c4 dxc4 19. bxc4 exd4 20. cxb5 axb5 21. Bxb5 dxe3 22. fxe3 Qe7 23. Nc4 Red8 24. a6 Ba8 25. Nb6 Na7 26. Nxc8 Rxc8 27. Rxc8+ Nxc8 28. Rc1 Nb6 29. Qd3 h6 30. Bc6 Bxc6 31. Rxc6 1-0

[Event "*** MasterClass Titled Tuesday Blitz"]
[Site "Chess.com"]
[Date "2017.11.07"]
[Round "9"]
[White "Salem-AR"]
[Black "jncool68"]
[Result "1-0"]
[WhiteElo "2796"]
[BlackElo "2497"]
[TimeControl "180+2"]
[EndTime "16:02:16 PST"]
[Termination "Salem-AR won by resignation"]

1. d4 Nf6 2. c4 e6 3. Nf3 Bb4+ 4. Nbd2 O-O 5. a3 Be7 6. e4 d6 7.
Be2 Nbd7 8. Qc2 c5 9. d5 Re8 10. O-O Bf8 11. Bd3 exd5 12. cxd5 Ng4 13. h3 Nge5 14. Nxe5 Nxe5 15. Be2 a6 16. a4 Ng6 17.
f4 f5 18. Bd3 Nh4 19. exf5 Bxf5 20. Bxf5 Re2 21. Be4 Qf6 22. Qd3 1-0

[Event "*** MasterClass Titled Tuesday Blitz"]
[Site "Chess.com"]
[Date "2017.11.07"]
[Round "9"]
[White "Angry_Serb"]
[Black "StoreySniper"]
[Result "0-1"]
[WhiteElo "2410"]
[BlackElo "2309"]
[TimeControl "180+2"]
[EndTime "16:02:16 PST"]
[Termination "StoreySniper won by resignation"]

1. e4 g6 2. d4 Bg7 3. Nc3 c5 4. dxc5 Bxc3+ 5. bxc3 Nf6 6. e5 Ne4 7. Qd4 Qa5 8. Ne2 Nxc5 9. Be3 b6 10. f3 Nc6 11. Qd5 Bb7 12. Bxc5 bxc5 13. Nf4 Qxc3+ 14. Kf2 Qxa1 0-1

[Event "*** MasterClass Titled Tuesday Blitz"]
[Site "Chess.com"]
[Date "2017.11.07"]
[Round "9"]
[White "pandamaster3000"]
[Black "Ar4uha"]
[Result "1-0"]
[WhiteElo "2292"]
[BlackElo "2413"]
[TimeControl "180+2"]
[EndTime "16:02:32 PST"]
[Termination "pandamaster3000 won by resignation"]

1. e4 d5 2. exd5 Nf6 3. Nf3 Nxd5 4. g3 Nc6 5. Bg2 Bg4 6. O-O Qd7 7. Nc3 Nxc3 8. dxc3 Qxd1 9. Rxd1 e6 10. Bf4 Rc8 11. Rd2 f6 12. Nd4 Nxd4 13. cxd4 b6 14. Re1 Kf7 15. h3 Bh5 16. g4 Bg6 17. Rde2 h5 18.
Rxe6 hxg4 19. hxg4 Rh4 20. Bf3 Bd6 21. Bxd6 cxd6 22.
c3 1-0

[Event "*** MasterClass Titled Tuesday Blitz"]
[Site "Chess.com"]
[Date "2017.11.07"]
[Round "9"]
[White "Alexander_Donchenko"]
[Black "Squirlolz"]
[Result "0-1"]
[WhiteElo "2645"]
[BlackElo "2483"]
[TimeControl "180+2"]
[EndTime "16:02:41 PST"]
[Termination "Squirlolz won by checkmate"]

1. Nf3 c5 2. c4 Nc6 3. Nc3 g6 4. g3 Bg7 5. Bg2 d6 6. O-O Bf5 7. a3 Qd7 8. Re1 Bh3 9. Bh1 h5 10. d3 h4 11. Bg5 hxg3 12. fxg3 Nf6 13. Rb1 Ng4 14. Qd2 Nd4 15. Bg2 Bxg2 16. Kxg2 Nxf3 17. exf3 Rxh2+ 18. Kg1 Rxd2 19. Rxe7+ Qxe7 20. Bxe7 Bd4+ 21. Kh1 Rh2# 0-1

[Event "*** MasterClass Titled Tuesday Blitz"]
[Site "Chess.com"]
[Date "2017.11.07"]
[Round "9"]
[White "mikhaillushenkov"]
[Black "kikydu96"]
[Result "0-1"]
[WhiteElo "2492"]
[BlackElo "2417"]
[TimeControl "180+2"]
[EndTime "16:03:52 PST"]
[Termination "kikydu96 won by resignation"]

1. Nf3 d5 2. c4 c6 3. e3 Nf6 4. Nc3 a6 5. Qc2 Bg4 6. Ne5 Be6 7. d4 Nbd7 8. f4 g6 9. c5 Bg7 10. Bd3 Nxe5 11. fxe5 Nd7 12. Ne2 O-O 13. Nf4 b6 14.
cxb6 Qxb6 15. Nxe6 fxe6 16. h4 c5 17. h5 cxd4 18.
hxg6 h6 19. e4 Rac8 20. Qe2 Nxe5 21. Bxh6 dxe4 22. Qxe4 Qxb2 23. Bxg7 Nxd3+ 24. Qxd3 Qxa1+ 0-1

[Event "*** MasterClass Titled Tuesday Blitz"]
[Site "Chess.com"]
[Date "2017.11.07"]
[Round "9"]
[White "hansen"]
[Black "wanyaland"]
[Result "1-0"]
[WhiteElo "2580"]
[BlackElo "2266"]
[TimeControl "180+2"]
[EndTime "16:04:40 PST"]
[Termination "hansen won by resignation"]

1. e4 c5 2. Nf3 d6 3. Bc4 e6 4.
O-O a6 5. Re1 Nf6 6. d4 cxd4 7.
Nxd4 Be7 8. Nc3 O-O 9. Qf3 Qc7 10. Bb3 Nc6 11. Be3 Bd7 12. Rad1 Rfe8 13. Qg3 Rac8 14. h3 Na5 15. Bh6 g6 16. Nf3 b5 17. a3 Nc4 18.
Bxc4 bxc4 19. e5 dxe5 20. Nxe5 Bc6 21. Rd2 Ba8 22. Red1 Rcd8 23. Rxd8 Rxd8 24. Rxd8+ Bxd8 25. Nxc4 Qxc4 26. Qb8 Qd4 27. Qxa8 a5 28. Be3 Qd6 29.
Bc5 Qxc5 30. Qxd8+ Kg7 31. Qxf6+ 1-0

[Event "*** MasterClass Titled Tuesday Blitz"]
[Site "Chess.com"]
[Date "2017.11.07"]
[Round "9"]
[White "MFBerna"]
[Black "thegreendog"]
[Result "1-0"]
[WhiteElo "2314"]
[BlackElo "2332"]
[TimeControl "180+2"]
[EndTime "16:04:52 PST"]
[Termination "MFBerna won by resignation"]

1. e4 c5 2. Nf3 d6 3. d4 cxd4 4. Nxd4 Nf6 5. Nc3 g6 6. Be2 Bg7 7. O-O Nc6 8. Nb3 O-O 9. Be3 Be6 10. f4 Qc8 11. Kh1 a5 12. a4 Nb4 13. Nd4 Bc4 14.
Qd2 Rd8 15. Rfd1 d5 16. e5 Ne4 17. Nxe4 dxe4 18. c3 Nd3 19. b3 Rxd4 20. cxd4 Bxb3 21. Rdb1 Bc4 22. Rb6 Bf8 23. Rab1 e6 24. Rxb7 Bb4 25. R7xb4 axb4 26. Bxd3 Bxd3 27. Rxb4 Qc6 28. a5 Qd5 29.
Ra4 Qb3 30. Ra1 Ra6 31. h3 h5 32. Kh2 Kg7 33. Rc1 Qa3 34. Rc5 Qa1 35. Bf2 Qa4 36. Bh4 Qxd4 37. Bf6+ Kh7 38. Rc8 g5 39. Rh8+ Kg6 40.
f5+ 1-0

[Event "*** MasterClass Titled Tuesday Blitz"]
[Site "Chess.com"]
[Date "2017.11.07"]
[Round "9"]
[White "tigra"]
[Black "GM_dmitrij"]
[Result "0-1"]
[WhiteElo "2629"]
[BlackElo "2623"]
[TimeControl "180+2"]
[EndTime "16:05:20 PST"]
[Termination "GM_dmitrij won by resignation"]

1. e4 e5 2. f4 exf4 3. Bc4 Qh4+ 4.
Kf1 d6 5. Nc3 Be6 6. b3 Nc6 7. Bb2 Nf6 8. Nd5 Bxd5 9. exd5 Ne5 10. Bb5+ Kd8 11. Nf3 Nxf3 12. Qxf3 Be7 13. Re1 a6 14.
Bd3 Re8 15. c4 Nh5 16. Bf5 Ng3+ 17. hxg3 Qxh1+ 18. Ke2 Bf6+ 19. Be4 Qh6 20. d4 g6 21.
Kd3 Re7 22. gxf4 Ke8 23. f5 g5 24. Bc1 Kf8 25. Bd2 Rae8 26. g4 Kg8 27. Rh1 Qg7 28. Re1 Bxd4 29. b4 Bf6 30. c5 Bb2 31.
a4 Qd4+ 32. Kc2 Rxe4 0-1

[Event "*** MasterClass Titled Tuesday Blitz"]
[Site "Chess.com"]
[Date "2017.11.07"]
[Round "9"]
[White "PenguinPacks"]
[Black "nicegg"]
[Result "1-0"]
[WhiteElo "2196"]
[BlackElo "2001"]
[TimeControl "180+2"]
[EndTime "16:05:22 PST"]
[Termination "PenguinPacks won on time"]

1. d4 Nf6 2. Nf3 b5 3. a4 b4 4.
Bf4 Bb7 5. Nbd2 Nd5 6. Bg3 f5 7.
e3 e6 8. Bd3 Be7 9. e4 f4 10.
exd5 fxg3 11. hxg3 Bxd5 12. Bxh7 Bf6 13. g4 Nc6 14. c4 bxc3 15. bxc3 g5 16. c4 Bxf3 17.
Nxf3 Qe7 18. Bg6+ Kd8 19. Rxh8+ Bxh8 20. Rb1 Bf6 21. Be4 d5 22. Bd3 Qa3 23. cxd5 Qc3+ 24. Kf1 exd5 25. Rb3 1-0